 Dungeon Crawl Stone Soup version 0.29.1-4-g47bece8355 (webtiles) character file.

Game seed: 16407665416883428395

5725 sanboga the Grappler (level 10, -5/93 HPs)
             Began as a Troll Monk on Dec 5, 2022.
             Was a Plaything of Xom.
             Slain by a wyvern (14 damage)
             ... on level 9 of the Dungeon.
             The game lasted 00:10:00 (6487 turns).

sanboga the Grappler (Troll Monk)                   Turns: 6487, Time: 00:10:00

Health: -5/93      AC:  5    Str: 26    XL:     10   Next: 48%
Magic:  9/9        EV: 10    Int:  5    God:    Xom [....*.]
Gold:   198        SH:  0    Dex: 18    Spells: 9/9 levels left

rFire   . . .      SeeInvis .     - Unarmed
rCold   . . .      Faith    .   (no shield)
rNeg    . . .      Spirit   .   c - +0 robe {Will+}
rPois   +          Reflect  .   (helmet restricted)
rElec   .          Harm     .   k - +1 cloak
rCorr   .          Rampage  .   (gloves unavailable)
Will    ++...                   (boots unavailable)
Stlth   +++.......              (no amulet)
HPRegen 1.05/turn               j - +4 ring of slaying
MPRegen 0.11/turn               A - ring "Fuiniful" {rPois Str+2 Slay+3}

@: lethally poisoned (-5 -> -6), unable to read
A: large, unfitting armour, claws 3, regeneration 1, shaggy fur 1, tough skin 1,
thin skeletal structure 1, agile 1, deformed body, frail 1, strong-willed 1,
wild magic 1, inability to read after injury 1
a: Renounce Religion


You were on level 9 of the Dungeon.
You worshipped Xom.
You were a beloved toy of Xom.
You visited 2 branches of the dungeon, and saw 10 of its levels.

You collected 636 gold pieces.
You spent 438 gold pieces at shops.

Inventory:

Armour
 c - a +0 robe of willpower (worn)
 k - a +1 cloak (worn)
Jewellery
 a - a ring of ice
 j - a +4 ring of slaying (left claw)
 A - the ring "Fuiniful" (right claw) {rPois Str+2 Slay+3}
   (You bought it in a shop on level 3 of the Dungeon)

   [ring of poison resistance]

   Str:       It affects your strength (+2).
   Slay:      It affects your accuracy & damage with ranged weapons and melee
   (+3).
   rPois:     It protects you from poison.
 B - a ring of protection from cold
 G - a ring of positive energy
Wands
 p - a wand of digging (5)
 v - a wand of flame (20)
 F - a wand of paralysis (6)
 H - a wand of acid (12)
Scrolls
 f - a scroll of silence
 g - a scroll of fog
 i - a scroll of summoning
 l - 5 scrolls of teleportation
 m - 3 scrolls of fear
 n - a scroll of blinking
 o - 2 scrolls of enchant armour
Potions
 b - 3 potions of ambrosia
 d - 3 potions of curing
 e - 2 potions of flight
 h - 3 potions of invisibility
 r - a potion of resistance
 t - a potion of heal wounds
 w - 4 potions of haste
 x - a potion of mutation
 C - 2 potions of might


   Skills:
 + Level 8.1 Fighting
 - Level 2.4 Dodging
 - Level 1.0 Stealth
 * Level 13.1 Unarmed Combat


You had 9 spell levels left.
You didn't know any spells.
Your spell library contained the following spells:

 Spells                   Type           Power      Damage    Failure   Level
 Foxfire                  Conj/Fire      0%         2x1d4     56%         1
 Magic Dart               Conj           0%         1d3       56%         1
 Call Imp                 Summ           0%         N/A       71%         2
 Conjure Flame            Conj/Fire      0%         6-21      89%         3
 Inner Flame              Hex/Fire       0%         N/A       89%         3
 Mephitic Cloud           Conj/Pois/Air  0%         N/A       89%         3
 Flame Wave               Conj/Fire      0%         2d4       99%         4


Dungeon Overview and Level Annotations

Branches:
Dungeon (9/15)             Temple (1/1) D:4            Lair (0/5) D:8
    Orc: D:9-12

Altars:
Ashenzari
Cheibriados
Dithmenos
Elyvilon
Fedhas
Gozag
Hepliaklqana
Kikubaaqudgha
Makhleb
Nemelex Xobeh
Okawaru
Qazlal
Ru
Sif Muna
Trog
Uskayaw
Vehumet
Xom
Yredelemnul
Zin
The Shining One

Shops:
D:3 *

Annotations:
D:4 3 runed translucent doors, KittyFluff's ghost, amateur GrBe


Innate Abilities, Weirdness & Mutations

You are too large for most types of armour.
You have claws for hands.
Your natural rate of healing is unusually fast.
You are covered in fur. (AC +1)
You have tough skin. (AC +1)
You have a somewhat thin skeletal structure. (Dex +2, Stealth+)
You are agile. (Dex +4, Str/Int -1)
Armour fits poorly on your strangely shaped body.
You are frail. (-10% HP)
You are strong-willed. (Will+)
Your spells are a little harder to cast, but a little more powerful.
You occasionally lose the ability to read scrolls when taking damage.


Message History

The orc warrior hits you with a +0 flail!
The orc hits you but does no damage. The orc hits you with a +0 flail.
You scratch the orc warrior but do no damage.
The orc warrior is moderately wounded.
The wyvern bites you. The orc priest closely misses you.
The orc warrior hits you with a +0 flail!
The orc closely misses you. The orc hits you but does no damage.
You barely miss the orc warrior.
The orc warrior is moderately wounded.
The wyvern bites you!!
You feel threatened and lose the ability to read scrolls!
You are too injured to fight recklessly!
You are too injured to fight recklessly!
You are too injured to fight recklessly!
You are too injured to fight recklessly!
You are too injured to fight recklessly!
You are too injured to fight recklessly!
You cannot read scrolls in your current state!
You feel much better. The hornet stings you!
You are poisoned.
The wyvern bites you! The orc priest completely misses you.
The orc warrior hits you with a +0 flail!
* * * LOW HITPOINT WARNING * * *
The orc hits you with a +0 flail.
* * * LOW HITPOINT WARNING * * *
The orc hits you but does no damage. The hornet barely misses you.
The wyvern bites you!
* * * LOW HITPOINT WARNING * * *
You feel much better.
You feel sick.
A bullfrog comes into view.
The orc hits you with a +0 dagger.
* * * LOW HITPOINT WARNING * * *
The orc closely misses you.
The orc priest hits you with a +0 dagger.
* * * LOW HITPOINT WARNING * * *
The orc warrior hits you with a +0 flail!
* * * LOW HITPOINT WARNING * * *
The wyvern bites you!
You die...
Xom cackles wildly!

#.))(#### ##.#### ##
#..### ##.....##.. .)##
##........F. #########
###........... ........#
............. .######.#
#........... .#
#........... .##
#.ool.....(. ..#
#.o@y.$..... #.#
.....(.o........
#.####..#######.....>##..
#.<...(# ######...}.
##.....# #### #....##
#....# #....# #....#


You could see a hornet, an orc warrior, a wyvern, a bullfrog (wandering), an orc
priest and 2 orcs.

Vanquished Creatures
  A two-headed ogre (D:8)
  Pikel (D:4)
  Joseph (D:8)
  2 komodo dragons (D:8)
  Psyche (D:8)
  Prince Ribbit (D:5)
  Sigmund (D:2)
  2 wyverns (D:8)
  Eustachio (D:5)
  A basilisk (D:8)
  A steam dragon (D:7)
  Menkaure (D:5)
  2 orc warriors
  An ice beast (D:6)
  A black bear (D:4)
  A swamp drake (D:8)
  2 ogres
  A centaur (D:5)
  2 phantoms
  A lemure (D:4)
  A bullfrog (D:6)
  A necrophage (D:5)
  A scorpion (D:5)
  3 wights
  5 killer bees (D:8)
  3 hounds
  2 jellies
  2 gnoll boudas
  9 orc priests
  3 orc wizards
  7 adders
  5 gnolls (D:6)
  3 worms
  2 dart slugs (D:1)
  30 orcs
  8 ball pythons
  8 endoplasms
  4 giant cockroaches
  3 hobgoblins
  14 jackals
  6 kobolds
  2 quokkas
  8 bats
  5 frilled lizards
  9 goblins
  6 rats
175 creatures vanquished.

Vanquished Creatures (collateral kills)
  A basilisk (D:8)
  A gnoll sergeant (D:6)
  A howler monkey (D:6)
  3 gnolls (D:6)
6 creatures vanquished.

Vanquished Creatures (others)
  13 plants (D:1)
13 creatures vanquished.

Grand Total: 194 creatures vanquished

Notes
Turn   | Place    | Note
-------+----------+-------------------------------------------
     0 | D:1      | sanboga the Troll Monk began the quest for the Orb.
     0 | D:1      | Reached XP level 1. HP: 22/22 MP: 0/0
    93 | D:1      | Reached XP level 2. HP: 29/29 MP: 1/1
   311 | D:1      | Found a faded altar of an unknown god.
   760 | D:2      | Reached XP level 3. HP: 32/36 MP: 2/2
   769 | D:2      | Reached skill level 4 in Unarmed Combat
   858 | D:2      | Reached XP level 4. HP: 45/45 MP: 3/3
   902 | D:2      | Noticed Sigmund
   909 | D:2      | Killed Sigmund
   910 | D:2      | Reached skill level 5 in Unarmed Combat
   910 | D:2      | Reached XP level 5. HP: 39/54 MP: 4/4
  1547 | D:3      | Reached XP level 6. HP: 62/62 MP: 5/5
  1685 | D:3      | Found Kuocloumi's General Store.
  1721 | D:3      | Found a snail-covered altar of Cheibriados.
  1986 | D:3      | Reached skill level 6 in Unarmed Combat
  2237 | D:4      | Noticed Pikel
  2256 | D:4      | Killed Pikel
  2257 | D:4      | Reached skill level 7 in Unarmed Combat
  2257 | D:4      | Reached XP level 7. HP: 51/71 MP: 6/6
  2394 | D:4      | Found a runed translucent gate.
  2395 | D:4      | Found a runed translucent gate.
  2396 | D:4      | Found a runed translucent gate.
  2397 | D:4      | Noticed KittyFluff's ghost (amateur GrBe)
  2399 | D:4      | Identified the +4 mace "Zyheroti" {drain, Dex+5}
  2409 | D:4      | Reached skill level 8 in Unarmed Combat
  2531 | D:4      | Found a staircase to the Ecumenical Temple.
  2542 | D:4      | Reached skill level 5 in Fighting
  2542 | D:4      | Reached XP level 8. HP: 33/80 MP: 7/7
  2593 | Temple   | Entered the Ecumenical Temple
  2620 | Temple   | Became a worshipper of Xom of Chaos
  2643 | D:4      | XOM: silly message
  2862 | D:5      | Entered Level 5 of the Dungeon
  2874 | D:5      | XOM: potion effect (might)
  2948 | D:5      | Noticed Eustachio
  2949 | D:5      | XOM: silly message
  2954 | D:5      | Killed Eustachio
  2987 | D:5      | Noticed Prince Ribbit
  2995 | D:5      | Killed Prince Ribbit
  2996 | D:5      | Reached skill level 9 in Unarmed Combat
  3118 | D:5      | XOM: smoke on damage
  3245 | D:5      | Reached skill level 10 in Unarmed Combat
  3383 | D:5      | Found a shadowy altar of Dithmenos.
  3384 | D:5      | Noticed Menkaure
  3389 | D:5      | Killed Menkaure
  3390 | D:5      | Reached XP level 9. HP: 89/89 MP: 8/8
  3502 | D:5      | XOM: noise
  3559 | D:5      | XOM: god gift: 41 gold pieces
  3621 | D:5      | Found a radiant altar of Vehumet.
  3621 | D:5      | Found an iron altar of Okawaru.
  3622 | D:5      | Found a basalt altar of Yredelemnul.
  3700 | D:5      | XOM: give mutations
  3700 | D:5      | Gained mutation: You are frail. (-10% HP) [Xom's mischief]
  3700 | D:5      | Gained mutation: Armour fits poorly on your strangely
                  | shaped body. [Xom's mischief]
  3700 | D:5      | Gained mutation: You occasionally lose the ability to read
                  | scrolls when taking damage. [Xom's mischief]
  3908 | D:6      | Found a glowing golden altar of the Shining One.
  3971 | D:6      | XOM: enchant monster (good)
  3978 | D:6      | XOM: smoke on damage
  4025 | D:6      | Found a blossoming altar of Fedhas.
  4123 | D:6      | XOM: scenery: 1 doors open
  4369 | D:3      | Bought the ring "Fuiniful" {rPois Str+2 Slay+3} for 438
                  | gold pieces
  4570 | D:6      | XOM: scenery: 1 doors close
  4622 | D:6      | XOM: god gift: 47 gold pieces
  4738 | D:6      | Reached skill level 11 in Unarmed Combat
  4830 | D:7      | Identified the +1 pair of gloves of the Cuttlefish {Str+6
                  | Int+4}
  4984 | D:7      | XOM: cloud trail
  5093 | D:7      | Found an opulent altar of Gozag.
  5163 | D:7      | Found a broken altar of Ashenzari.
  5466 | D:7      | XOM: give mutations
  5466 | D:7      | Gained mutation: You have a somewhat thin skeletal
                  | structure. (Dex +2, Stealth+) [Xom's grace]
  5466 | D:7      | Gained mutation: Your spells are a little harder to cast,
                  | but a little more powerful. [Xom's grace]
  5466 | D:7      | Gained mutation: You are agile. (Dex +4, Str/Int -1) [Xom's
                  | grace]
  5466 | D:7      | Gained mutation: You are strong-willed. (Will+) [Xom's
                  | grace]
  5524 | D:8      | Noticed a two-headed ogre
  5529 | D:8      | Killed a two-headed ogre
  5532 | D:8      | Reached skill level 12 in Unarmed Combat
  5650 | D:8      | Noticed Joseph
  5653 | D:8      | XOM: fog
  5654 | D:8      | Killed Joseph
  5655 | D:8      | Reached XP level 10. HP: 85/91 MP: 9/9
  5728 | D:8      | XOM: cloud trail
  5822 | D:8      | Noticed Psyche
  5832 | D:8      | Killed Psyche
  6287 | D:8      | Found a staircase to the Lair.
  6336 | D:8      | XOM: enchant monster (good)
  6342 | D:8      | Reached skill level 13 in Unarmed Combat
  6480 | D:9      | XOM: 3-stop teleportation journey
  6487 | D:9      | Slain by a wyvern

Illustrated notes

Levels and vault maps discovered:
D:1:      spicycebolla_arrival_clurvy, layout_loops_cross,
          dreamdust_ecumenical_altar_grove
D:2:      layout_loops_ring, uniq_sigmund
D:3:      layout_basic, amcnicky_altar_gilded, serial_shops, shop
D:4:      layout_loops_ring, minmay_temple_entry_junction,
          biasface_ghost_orc_armoury, uniq_pikel
D:5:      layout_basic, gammafunk_temple_overflow_claw, grunt_dithmenos_smoke,
          uniq_eustachio, uniq_menkaure, uniq_prince_ribbit1
D:6:      layout_gridville, nicolae_overflow_hidden_temple, fedhas_altar_2,
          small_statue_intersection
D:7:      layout_basic, evilmike_ruin_ashenzari, lemuel_tele_altar
D:8:      layout_rooms, erik_lair_dragon, serial_park_tiny_2,
          kennysheep_generic_room_10, uniq_psyche, uniq_joseph
D:9:      layout_rooms, nicolae_wu_jian_glorious_leap
Temple:   hellmonk_temple_two_chambers

Skill      XL: |  1  2  3  4  5  6  7  8  9 10 |
---------------+-------------------------------+-----
Unarmed Combat | 4 5 7 8 10 12 13 | 13.1
Fighting       | 3 4 5 6 7 8 |  8.1
Dodging        | |  2.4
Stealth        | |  1.0

Action                   |  1- 3 |  4- 6 |  7- 9 | 10-12 || total
-------------------------+-------+-------+-------+-------++-------
Melee: Unarmed           |    70 |   109 |   148 |    61 ||   388
       Punch             |     2 |     5 |     7 |     3 ||    17
  Use: Scroll            |       |     9 |     2 |    11 ||    22
       Potion            |       |       |     1 |     3 ||     4
 Stab: Sleeping          |     4 |     2 |     2 |     2 ||    10
Armor: Robe              |    20 |    33 |    24 |    15 ||    92
Dodge: Dodged            |    35 |    45 |    73 |    35 ||   188
